 Dungeon Crawl Stone Soup version 0.20.0-8-g6b59dc7 (console) character file.

7444 removed the Cruncher (level 10, -1/83 HPs)
             Began as a Mummy Arcane Marksman on May 30, 2017.
             Was a Follower of Ashenzari.
             Slain by an unseen horror (4 damage)
             ... on level 10 of the Dungeon.
             The game lasted 00:24:44 (13290 turns).

removed the Cruncher (Mummy Arcane Marksman)       Turns: 13290, Time: 00:24:44

Health: -1/83      AC: 12    Str: 17    XL:     10   Next: 93%
Magic:  12/12      EV: 10    Int: 13    God:    Ashenzari [*.....]
Gold:   593        SH:  0    Dex: 12    Spells: 12/12 levels left

rFire    x . .     SeeInvis .   b - +0 quarterstaff
rCold    + . .     Gourm    .   (shield currently unavailable)
rNeg     + + +     Faith    .   e - +2 scale mail {MR+}
rPois    ∞         Spirit   .   q - +1 helmet
rElec    .         Reflect  .   (no cloak)
rCorr    .         Harm     .   (no gloves)
MR       ++...                  (no boots)
Stlth    ..........             y - amulet of magic regeneration
Regen    0.3/turn               (no ring)
MPRegen  0.2/turn               (no ring)

@: no status effects
A: no food or potions, fire vulnerability, cold resistance 1, negative energy
resistance 3, torment resistance, unbreathing
a: Curse Item, Scrying, Renounce Religion


You were on level 10 of the Dungeon.
You worshipped Ashenzari.
Ashenzari was aware of your devotion.
You were not hungry.

You visited 2 branches of the dungeon, and saw 11 of its levels.
You also visited: Sewer.

You collected 593 gold pieces.

Inventory:

Hand Weapons
 a - a +0 dagger of venom
 b - a +0 quarterstaff (weapon)
 g - a +0 blowgun
 i - a +0 dagger
Missiles
 c - 14 javelins (quivered)
 d - 2 throwing nets
 F - 7 curare-tipped needles
Armour
 e - a +2 scale mail of magic resistance (worn)
 f - a +0 robe
 q - a +1 helmet (worn)
Magical Staves
 B - an uncursed staff of fire
 D - an uncursed staff of poison
Jewellery
 y - an amulet of magic regeneration (around neck)
Wands
 p - a wand of flame (31/48)
 x - a wand of lightning (3/15)
 C - a wand of disintegration (0/24)
 H - a wand of iceblast (5/15)
Scrolls
 h - 7 scrolls of remove curse
 j - 3 scrolls of recharging
 l - a scroll of fear
 m - a scroll of fog
 t - 3 scrolls of enchant weapon
 v - a scroll of teleportation
 z - 4 scrolls of identify
 A - 3 scrolls of amnesia
 G - a scroll of vulnerability
 J - 2 scrolls of blinking
Books
 u - a book of Debilitation

   Spells                             Type                      Level
   a - Corona                         Hexes                        1
   b - Slow                           Hexes                        2
   c - Inner Flame                    Hexes/Fire                   3
   d - Portal Projectile              Hexes/Translocation          3
   e - Cause Fear                     Hexes                        4
   f - Leda's Liquefaction            Hexes/Earth                  4
Miscellaneous
 E - a lamp of fire (inert)
 I - a fan of gales (inert)


   Skills:
 - Level 9.5 Fighting
 + Level 9.6 Staves
 - Level 1.6 Throwing
 - Level 6.4 Armour
 - Level 1.7 Dodging
 - Level 1.7 Spellcasting
   Level 2.8 Hexes


You had 12 spell levels left.
You didn't know any spells.

Dungeon Overview and Level Annotations

Branches:
Dungeon (10/15)            Temple (1/1) D:4             Orc (0/2) D:9
   Lair: D:8-11

Altars:
Ashenzari
Cheibriados
Dithmenos
Elyvilon
Fedhas
Gozag
Hepliaklqana
Kikubaaqudgha
Makhleb
Nemelex Xobeh
Okawaru
Qazlal
Ru
Sif Muna
Trog
Uskayaw
Vehumet
Xom
Yredelemnul
Zin
The Shining One

Shops:
D:7 ?   D:8 %

Portals:
Trove: D:10 (give +6 demon trident)

Annotations:
D:7 exclusion: statue


Innate Abilities, Weirdness & Mutations

You do not eat or drink.
Your flesh is vulnerable to fire.
You are immune to poison.
Your flesh is cold resistant. (rC+)
You are immune to negative energy. (rN+++)
You are immune to unholy pain and torment.
You can survive without breathing.


Message History

The orc priest looks frightened! x2; The yak looks frightened! x4
The orc priest moves out of view.
As you read the scroll labeled WYZXAU JOFI, it crumbles to dust.
You feel aware of your surroundings.
You sensed 1 shop/portal.
It was a scroll of magic mapping.
Something hits you.
* * * LOW HITPOINT WARNING * * *
You barely miss something.
The yak seems to regain its courage.
Something hits you.
* * * LOW HITPOINT WARNING * * *
Something hits you.
* * * LOW HITPOINT WARNING * * *
The yak seems to regain its courage.
Something hits you.
* * * LOW HITPOINT WARNING * * *
Something hits you.
* * * LOW HITPOINT WARNING * * *
Something hits you.
* * * LOW HITPOINT WARNING * * *
Something hits you.
You die...

.........###.....................
..#......# #.....................
.###.....###....###..............
** ##...........# #...........(..
,**#............###..............
,,#.....?...............)........
,........<..............#........
,.............)........###.......
,...............@.Y...## ##(.....
,...........#...Y{.....###.......
,..........###..........#.)......
,.........## ##.....!............
,,,.......,**#...................
,,,.......,,#...................#
,,,,,,,,,,,.......Y............##
*,,,,,,,,,.........(..........##
**,,,,,,,,...................##


You could see 3 yaks.

Vanquished Creatures
  Erolcha (D:9)
  A two-headed ogre (D:9)
  Psyche (D:9)
  A hornet (D:7)
  The ghost of Hasart the Poker, an amateur OpFi (D:5)
  A wyvern (D:8)
  2 hungry ghosts (D:9)
  Menkaure (D:6)
  2 orc warriors
  2 ice beasts
  An eye of draining (D:9)
  2 sky beasts
  8 ogres
  4 phantoms
  10 centaurs
  A big kobold (D:9)
  9 bullfrogs
  A wyvern skeleton (D:8)
  A troll zombie (D:9)
  4 scorpions
  3 howler monkeys
  4 crimson imps
  6 hounds
  2 orc priests
  2 jellies (D:9)
  4 orc wizards
  A bullfrog skeleton (D:5)
  2 centaur skeletons
  Terence (D:2)
  Natasha (thrice) (D:3)
  8 worker ants
  7 ogre zombies (D:9)
  3 hound zombies
  A worker ant zombie (D:7)
  Robin (D:3)
  6 adders
  2 shadow imps (D:5)
  5 oozes
  2 adder skeletons
  11 worms
  4 dart slugs
  7 leopard geckos
  19 orcs
  5 ball pythons
  17 bats
  A giant cockroach (Sewer)
  21 goblins
  7 hobgoblins
  16 jackals
  15 kobolds
  A quokka (D:4)
  12 frilled lizards
  2 goblin skeletons (D:9)
  2 goblin zombies (D:9)
  2 hobgoblin skeletons (D:9)
  5 hobgoblin zombies (D:9)
  A leopard gecko skeleton (D:4)
  A leopard gecko zombie (D:8)
  An orc skeleton (D:9)
  12 orc zombies (D:9)
  A quokka zombie (D:9)
  12 rats
292 creatures vanquished.

Notes
Turn   | Place    | Note
-------+----------+-------------------------------------------
     0 | D:1      | removed the Mummy Arcane Marksman began the quest for the Orb.
     0 | D:1      | Reached XP level 1. HP: 15/15 MP: 2/2
   179 | D:1      | Reached XP level 2. HP: 21/21 MP: 4/4
   477 | D:1      | Reached XP level 3. HP: 24/28 MP: 5/5
   901 | D:2      | Noticed Terence
   911 | D:2      | Killed Terence
   911 | D:2      | Reached skill level 1 in Armour
  1124 | D:2      | Reached XP level 4. HP: 33/34 MP: 6/6
  1213 | D:2      | Found an opulent altar of Gozag.
  1647 | D:3      | Found an ancient bone altar of Kikubaaqudgha.
  1688 | D:3      | Noticed Natasha
  1701 | D:3      | Killed Natasha
  1726 | D:3      | Noticed a bullfrog
  1737 | D:3      | Killed a bullfrog
  1737 | D:3      | Reached XP level 5. HP: 36/39 MP: 7/7
  1850 | D:3      | Noticed Natasha
  1864 | D:3      | Killed Natasha
  1895 | D:3      | Found a white marble altar of Elyvilon.
  2048 | D:3      | Noticed Natasha
  2066 | D:3      | Killed Natasha
  2186 | D:3      | Noticed Robin
  2215 | D:3      | Killed Robin
  2215 | D:3      | Reached XP level 6. HP: 47/48 MP: 8/8
  2995 | D:4      | Reached skill level 5 in Fighting
  3461 | D:4      | Found a staircase to the Ecumenical Temple.
  3476 | Temple   | Entered the Ecumenical Temple
  3566 | Temple   | Became a worshipper of Ashenzari the Shackled
  3636 | D:5      | Entered Level 5 of the Dungeon
  3690 | D:5      | Reached skill level 1 in Staves
  3690 | D:5      | Reached XP level 7. HP: 21/56 MP: 9/9
  3768 | D:5      | Found a glowing drain.
  3898 | Sewer    | Entered a sewer
  4941 | D:5      | Noticed Hasart's ghost (amateur OpFi)
  5010 | D:5      | Found a snail-covered altar of Cheibriados.
  5124 | D:5      | Killed Hasart's ghost
  5124 | D:5      | Reached XP level 8. HP: 31/63 MP: 10/10
  5326 | D:5      | Reached skill level 5 in Staves
  5469 | D:5      | Noticed a dagger
  5470 | D:5      | Noticed a dagger
  5472 | D:5      | Found a hide-covered altar of Uskayaw.
  5751 | D:6      | Noticed Menkaure
  5755 | D:6      | Killed Menkaure
  6854 | D:7      | Reached XP level 9. HP: 57/72 MP: 11/11
  6909 | D:7      | HP: 3/72 [bullfrog (6)]
  7516 | D:7      | Found a radiant altar of Vehumet.
  7601 | D:7      | Found Fupn's Magic Scroll Shop.
  7749 | D:8      | Found Quklinab's Food Boutique.
  7991 | D:8      | Reached * piety under Ashenzari
  8895 | D:8      | Found a shadowy altar of Dithmenos.
  9021 | D:8      | Found a glowing silver altar of Zin.
  9094 | D:8      | Reached skill level 5 in Armour
 10242 | D:8      | Reached XP level 10. HP: 49/79 MP: 6/12
 10400 | D:9      | Found a sacrificial altar of Ru.
 11165 | D:9      | Found a staircase to the Orcish Mines.
 11802 | D:9      | Noticed Erolcha
 11809 | D:9      | Killed Erolcha
 11936 | D:9      | Noticed a two-headed ogre
 12479 | D:9      | Noticed Psyche
 12485 | D:9      | Killed Psyche
 12663 | D:9      | Noticed a skeletal warrior
 12773 | D:8      | Found a deep blue altar of Sif Muna.
 12773 | D:8      | Found a sparkling altar of Nemelex Xobeh.
 12878 | D:9      | Killed a two-headed ogre
 12970 | D:10     | Entered Level 10 of the Dungeon
 12970 | D:10     | Found a portal to a secret trove of treasure.
 13289 | D:10     | HP: 3/83 [something (5)]
 13290 | D:10     | Slain by an unseen horror

Skill      XL: |  1  2  3  4  5  6  7  8  9 10 |
---------------+-------------------------------+-----
Fighting       | 2 3 5 7 9 |  9.5
Armour         | 1 3 6 |  6.4
Staves         | 1 4 6 8 9 |  9.6
Throwing       | |  1.6
Dodging        | |  1.7
Spellcasting   | |  1.7
Hexes          | |  2.8

Action                   |  1- 3 |  4- 6 |  7- 9 | 10-12 || total
-------------------------+-------+-------+-------+-------++-------
Melee: Dagger            |   102 |   334 |   338 |       ||   774
       Quarterstaff      |       |    11 |   189 |   381 ||   581
 Fire: Blowgun           |       |       |       |     1 ||     1
Throw: Javelin           |     6 |     4 |    21 |     4 ||    35
Evoke: Wand              |       |       |     6 |     4 ||    10
       Fan of gales      |       |       |       |     1 ||     1
       Lamp of fire      |       |       |       |     1 ||     1
  Use: Scroll            |       |       |    12 |     4 ||    16
Armor: Scale mail        |    50 |   156 |   283 |   145 ||   634
Dodge: Dodged            |    43 |   217 |   283 |   159 ||   702
